 Dungeon Crawl Stone Soup version 0.26.1-11-gd32895ea62 (webtiles) character file.

Game seed: 99567537288493458

412 jlumianski the Grasshopper (level 6, -1/51 HPs)
             Began as a Gnoll Warper on July 7, 2021.
             Killed by divine providence
             ... invoked by an orc priest
              (14 damage)
             ... on level 4 of the Dungeon.
             The game lasted 00:13:26 (4648 turns).

jlumianski the Grasshopper (Gnoll Warper)           Turns: 4648, Time: 00:13:26

Health: -1/51      AC:  5    Str: 13    XL:     6   Next: 90%
Magic:  6/14       EV: 13    Int: 18    God:
Gold:   182        SH:  0    Dex: 14    Spells: 10/15 levels left

rFire    . . .     SeeInvis .   l - +0 war axe
rCold    . . .     Faith    .   (no shield)
rNeg     . . .     Spirit   .   i - +0 ring mail
rPois    .         Reflect  .   (no helmet)
rElec    .         Harm     .   (no cloak)
rCorr    .         Rampage  .   (no gloves)
Will     .....                  (no boots)
Stlth    +.........             (no amulet)
HPRegen  0.17/turn              (no ring)
MPRegen  0.14/turn              (no ring)

@: no status effects
A: distributed training, fangs 1, strong nose
a: no special abilities


You were on level 4 of the Dungeon.
You visited 1 branch of the dungeon, and saw 4 of its levels.

You collected 182 gold pieces.

Inventory:

Hand Weapons
 a - a +0 hand axe
 l - a +0 war axe (weapon)
 p - a cursed -1 mace
Missiles
 e - 5 boomerangs of dispersal
 g - 63 stones
 r - 61 arrows
 t - 4 boomerangs (quivered)
Armour
 b - a +0 leather armour
 i - a +0 ring mail (worn)
Jewellery
 o - a +6 ring of strength {unknown}
Scrolls
 c - a scroll of enchant weapon {unknown}
 d - a scroll of blinking
 h - a scroll of magic mapping
 j - a scroll of immolation {unknown}
 m - a scroll of teleportation
 q - 4 scrolls of identify {unknown}
 s - a scroll of remove curse {unknown}
Potions
 f - 2 potions of curing {unknown}
 k - a potion of heal wounds {unknown}
 n - a potion of mutation {unknown}


   Skills:
 + Level 5.1 Fighting
 + Level 2.1 Short Blades
 + Level 2.1 Long Blades
 + Level 5.1 Axes
 + Level 2.1 Maces & Flails
 + Level 2.1 Polearms
 + Level 2.1 Staves
 + Level 2.1 Slings
 + Level 2.1 Bows
 + Level 2.1 Crossbows
 + Level 3.4 Throwing
 + Level 3.4 Armour
 + Level 5.1 Dodging
 + Level 2.1 Stealth
 + Level 2.1 Shields
 + Level 2.1 Unarmed Combat
 + Level 5.4 Spellcasting
 + Level 1.7 Conjurations
 + Level 1.7 Hexes
 + Level 1.7 Summonings
 + Level 1.7 Necromancy
 + Level 5.7 Translocations
 + Level 1.7 Transmutations
 + Level 1.7 Fire Magic
 + Level 1.7 Ice Magic
 + Level 1.7 Air Magic
 + Level 1.7 Earth Magic
 + Level 1.7 Poison Magic
 + Level 2.4 Invocations
 + Level 2.1 Evocations


You had 10 spell levels left.
You knew the following spells:

 Your Spells              Type           Power        Failure   Level
a - Blink                 Tloc           N/A          3%          2
b - Gell's Gravitas       Tloc           12%          8%          3

Your spell library contained the following spells:

 Spells                   Type           Power        Failure   Level
 Lesser Beckoning         Tloc           12%          8%          3
 Teleport Other           Tloc           25%          8%          3
 Passage of Golubria      Tloc           N/A          24%         4


Dungeon Overview and Level Annotations

Branches:
Dungeon (4/15)
 Temple: D:4-7

Altars:
Hepliaklqana
The Shining One


Innate Abilities, Weirdness & Mutations

Your experience applies equally to all skills.
You have very sharp teeth.
Your uncanny sense of smell can sniff out nearby items.


Message History

* * * LOW HITPOINT WARNING * * *
You see here 12 gold pieces.
You closely miss the orc priest. The orc priest completely misses you.
You barely miss the orc priest.
The orc priest hits you but does no damage.
You slash the orc priest!
The orc priest is almost dead.
The orc priest barely misses you.
The orc priest miscasts a cantrip.
You closely miss the orc priest. Your bite misses the orc priest.
The orc priest is almost dead.
The orc priest mumbles some strange prayers to Beogh against you.
Pain shoots through your body!
* * * LOW HITPOINT WARNING * * *
You hit the orc priest but do no damage.
You bite the orc priest.
The orc priest is almost dead.
The orc priest calls down the wrath of Beogh upon you.
Beogh smites you!
You die...

########## ...#.....##
..........##
...........#
...........#
...........#
...........#
...........#########
..............))@..#
.........#######o....#
..<..........
.........
......#######
.......#.. ###>..#
....##### . #........
....[#
#.#.............#
#.##............. #.
#.......


You could see an orc priest.

Vanquished Creatures
  A scorpion (D:3)
  6 orc wizards
  An iguana (D:4)
  A worker ant (D:3)
  A hound skeleton (D:4)
  3 adders
  A river rat (D:3)
  An ooze (D:2)
  3 worms
  3 dart slugs
  2 leopard geckos
  11 orcs
  6 giant cockroaches
  10 goblins
  9 hobgoblins
  A jackal (D:3)
  A quokka (D:2)
  A ball python (D:3)
  4 bats
  3 frilled lizards
  4 kobolds
  4 rats
77 creatures vanquished.

Notes
Turn   | Place    | Note
-------+----------+-------------------------------------------
     0 | D:1      | jlumianski the Gnoll Warper began the quest for the Orb.
     0 | D:1      | Reached XP level 1. HP: 20/20 MP: 6/6
   378 | D:1      | Reached XP level 2. HP: 25/26 MP: 7/7
   385 | D:1      | Learned a level 2 spell: Blink
   688 | D:1      | Reached XP level 3. HP: 31/31 MP: 9/9
   705 | D:1      | Reached skill level 5 in Spellcasting
   719 | D:1      | Learned a level 3 spell: Gell's Gravitas
  1077 | D:2      | Reached skill level 1 in Invocations
  1182 | D:2      | Found a faded altar of an unknown god.
  1724 | D:3      | Reached skill level 1 in Short Blades
  1724 | D:3      | Reached skill level 1 in Long Blades
  1724 | D:3      | Reached skill level 1 in Maces & Flails
  1724 | D:3      | Reached skill level 1 in Polearms
  1724 | D:3      | Reached skill level 1 in Staves
  1724 | D:3      | Reached skill level 1 in Slings
  1724 | D:3      | Reached skill level 1 in Bows
  1724 | D:3      | Reached skill level 1 in Crossbows
  1724 | D:3      | Reached skill level 1 in Stealth
  1724 | D:3      | Reached skill level 1 in Shields
  1724 | D:3      | Reached skill level 1 in Unarmed Combat
  1724 | D:3      | Reached skill level 1 in Evocations
  1812 | D:3      | Reached XP level 4. HP: 23/38 MP: 11/11
  2050 | D:3      | Reached skill level 1 in Conjurations
  2050 | D:3      | Reached skill level 1 in Hexes
  2050 | D:3      | Reached skill level 1 in Summonings
  2050 | D:3      | Reached skill level 1 in Necromancy
  2050 | D:3      | Reached skill level 1 in Transmutations
  2050 | D:3      | Reached skill level 1 in Fire Magic
  2050 | D:3      | Reached skill level 1 in Ice Magic
  2050 | D:3      | Reached skill level 1 in Air Magic
  2050 | D:3      | Reached skill level 1 in Earth Magic
  2050 | D:3      | Reached skill level 1 in Poison Magic
  2237 | D:2      | Reached XP level 5. HP: 31/43 MP: 12/12
  2254 | D:2      | Found a hazy altar of Hepliaklqana.
  2519 | D:2      | Found a glowing golden altar of the Shining One.
  4034 | D:4      | Reached XP level 6. HP: 35/50 MP: 13/13
  4418 | D:3      | Reached skill level 5 in Fighting
  4418 | D:3      | Reached skill level 5 in Axes
  4418 | D:3      | Reached skill level 5 in Dodging
  4648 | D:4      | Killed from afar by an orc priest

Illustrated notes

Levels and vault maps discovered:
D:1:      lightli_arrival_windingriver, layout_loops_ring,
          grunt_decor_resistance, minmay_box_of_dots
D:2:      layout_basic, nzn_hepliaklqana_mist_gate,
          chequers_ecumenical_altar_simple_redux, nicolae_tso_carved_into_rock
D:3:      layout_basic, gup_sewer_entry_spiral, chequers_serial_rivers_small_3
D:4:      layout_rooms, kennysheep_mini_moat, minmay_checkerbox

Skill      XL: |  1  2  3  4  5  6 |
---------------+-------------------+-----
Spellcasting   | 5 |  5.4
Invocations    | 1 2 |  2.4
Short Blades   | 1 2 |  2.1
Long Blades    | 1 2 |  2.1
Maces & Flails | 1 2 |  2.1
Polearms       | 1 2 |  2.1
Staves         | 1 2 |  2.1
Slings         | 1 2 |  2.1
Bows           | 1 2 |  2.1
Crossbows      | 1 2 |  2.1
Stealth        | 1 2 |  2.1
Shields        | 1 2 |  2.1
Unarmed Combat | 1 2 |  2.1
Evocations     | 1 2 |  2.1
Conjurations   | 1 |  1.7
Hexes          | 1 |  1.7
Summonings     | 1 |  1.7
Necromancy     | 1 |  1.7
Transmutations | 1 |  1.7
Fire Magic     | 1 |  1.7
Ice Magic      | 1 |  1.7
Air Magic      | 1 |  1.7
Earth Magic    | 1 |  1.7
Poison Magic   | 1 |  1.7
Throwing       | 3 |  3.4
Armour         | 3 |  3.4
Fighting       | 5 |  5.1
Axes           | 5 |  5.1
Dodging        | 5 |  5.1
Translocations | |  5.7

Action                   |  1- 3 |  4- 6 || total
-------------------------+-------+-------++-------
Melee: Hand axe          |   113 |       ||   113
       Bite              |    11 |     7 ||    18
       War axe           |    18 |   116 ||   134
       Punch             |     1 |     1 ||     2
Throw: Stone             |    18 |       ||    18
       Boomerang         |       |     8 ||     8
 Cast: Blink             |     4 |     6 ||    10
       Gell's Gravitas   |     3 |     7 ||    10
  Use: Scroll            |       |     2 ||     2
Armor: Leather armour    |    19 |       ||    19
       Ring mail         |    22 |    50 ||    72
Dodge: Dodged            |   105 |   117 ||   222
